 Dungeon Crawl Stone Soup version 0.28.0-45-g0d030f2227 (webtiles) character file.

Game seed: 12583107160610128766

17022 sanboga the Cleaver (level 12, -1/117 HPs)
             Began as a Gargoyle Fighter on Apr 14, 2022.
             Was an Elder of Trog.
             Slain by a sixfirhy (4 damage)
             ... on level 2 of the Abyss.
             The game lasted 00:19:43 (11244 turns).

sanboga the Cleaver (Gargoyle Fighter)             Turns: 11244, Time: 00:19:44

Health: -1/117     AC: 35    Str: 25    XL:     12   Next: 43%
Magic:  21/21      EV:  8    Int: 12    God:    Trog [****..]
Gold:   592        SH:  6    Dex: 12    Spells: 11/11 levels left

rFire   . . .      SeeInvis +   f - +14 obsidian axe {vorpal, Mesm Drain Fly SInv}
rCold   . . .      Faith    .   c - +0 buckler
rNeg    + + .      Spirit   .   u - +8 chain mail of the Jolly Wars {MP+9 Dex+3}
rPois   ∞          Reflect  .   k - +1 helmet {Int+3}
rElec   +          Harm     .   d - +1 cloak {rCorr}
rCorr   +          Rampage  .   A - +0 pair of gloves
Will    .....                   (no boots)
Stlth   ..........              (no amulet)
HPRegen 0.29/turn               y - ring of positive energy
MPRegen 0.17/turn               (no ring)

@: berserking, flying, mesmerised, very quick
A: sickness immunity, AC +8, negative energy resistance 1, electricity
resistance, torment resistance 1, petrification resistance
a: Renounce Religion, Berserk, Trog's Hand, Brothers in Arms


You were on level 2 of the Abyss.
You worshipped Trog.
Trog was greatly pleased with you.
You visited 2 branches of the dungeon, and saw 13 of its levels.
You visited the Abyss 1 time.
You also visited: Ossuary.

You collected 1130 gold pieces.
You spent 538 gold pieces at shops.

Inventory:

Hand Weapons
 f - the +14 obsidian axe (weapon) {vorpal, Mesm Drain Fly SInv}
   (You acquired it on level 6 of the Dungeon)

   It inflicts extra damage upon your enemies.
   It occasionally summons demons to assist the wielder when it strikes in
   combat.
   Its wielder is mesmerised by any visible foes.
   It cannot be unequipped while any foes are visible.
   SInv:      It lets you see invisible.
   Fly:       It grants you flight.
   Drain:     It drains your maximum health when unequipped.
 m - a +2 scimitar of flaming
Armour
 c - a +0 buckler (worn)
 d - a +1 cloak of preservation (worn)
 k - a +1 helmet of intelligence (worn)
 u - the +8 chain mail of the Jolly Wars (worn) {MP+9 Dex+3}
   (You found it on level 5 of the Dungeon)

   Dex:       It affects your dexterity (+3).
   MP:        It affects your magic capacity (+9).
 A - a +0 pair of gloves (worn)
Jewellery
 y - a ring of positive energy (left hand)
Wands
 a - a wand of flame (42)
 b - a wand of iceblast (14)
 q - a wand of charming (14)
 w - a wand of polymorph (10)
 z - a wand of mindburst (7)
 B - a wand of acid (12)
Scrolls
 e - 9 scrolls of teleportation
 g - 2 scrolls of fear
 h - a scroll of holy word
 i - 2 scrolls of enchant armour
 l - 2 scrolls of magic mapping
 r - 4 scrolls of fog
 s - a scroll of brand weapon
 x - a scroll of silence
Potions
 j - 6 potions of mutation
 n - 2 potions of brilliance
 o - 3 potions of flight
 p - a potion of ambrosia {unknown}
 t - a potion of magic {unknown}
 v - a potion of degeneration {unknown}
 C - a potion of haste
 D - a potion of might
 E - 2 potions of curing


   Skills:
 + Level 10.4 Fighting
 * Level 11.8 Axes
 + Level 10.5 Armour
 + Level 10.5 Shields


You had 11 spell levels left.
You didn't know any spells.
Your spell library contained the following spells:

 Spells                   Type           Power      Damage    Failure   Level
 Animate Skeleton         Necr           0%         N/A       89%         1
 Magic Dart               Conj           0%         1d3       89%         1
 Pain                     Necr           0%         1d4       89%         1
 Call Imp                 Summ           0%         N/A       96%         2
 Mephitic Cloud           Conj/Pois/Air  0%         N/A       99%         3
 Vampiric Draining        Necr           0%         2d6       99%         3


Dungeon Overview and Level Annotations

Branches:
Dungeon (12/15)            Temple (1/1) D:5            Lair (0/6) D:9
    Orc (0/2) D:10        Ossuary (visited)

Altars:
Ashenzari
Cheibriados
Dithmenos
Elyvilon
Fedhas
Gozag
Hepliaklqana
Kikubaaqudgha
Makhleb
Nemelex Xobeh
Okawaru
Qazlal
Ru
Sif Muna
Trog
Uskayaw
Vehumet
Wu Jian
Xom
Yredelemnul
Zin
The Shining One

Shops:
D:2 !?   D:8 *   D:9 (   D:10 (


Innate Abilities, Weirdness & Mutations

You are immune to sickness and miasma.
Your stone body is resilient. (AC +8)
You are immune to poison.
You resist negative energy. (rN+)
You are resistant to electric shocks. (rElec)
You are resistant to unholy torment.
You are immune to petrification.


Message History

The hellwing barely misses you. You block the hellwing's attack.
The hellwing hits you but does no damage.
The smoke demon hits your hellwing but does no damage.
The smoke demon hits your hellwing.
The smoke demon barely misses your hellwing.
The sixfirhy hits you but does no damage.
The smoke demon hits you but does no damage.
You block the smoke demon's attack. The smoke demon closely misses you.
The hellwing hits you but does no damage. x2
You slash the hellwing!
The hellwing is almost dead.
You barely miss the hellwing. You slash the hellwing!
You kill the hellwing!
That felt strangely unrewarding.
You barely miss the smoke demon. You miss the sixfirhy.
The sixfirhy completely misses you. The sixfirhy hits you.
* * * LOW HITPOINT WARNING * * *
The sixfirhy shocks you. You resist.
* * * LOW HITPOINT WARNING * * *
The hellwing hits you but does no damage. x2
Your hellwing completely misses the smoke demon.
Your hellwing closely misses the smoke demon.
The smoke demon hits your hellwing but does no damage.
The smoke demon completely misses your hellwing.
The smoke demon barely misses your hellwing.
The sixfirhy hits you but does no damage.
The smoke demon hits you.
* * * LOW HITPOINT WARNING * * *
The smoke demon barely misses you. You block the smoke demon's attack.
You closely miss the hellwing.
The hellwing is almost dead.
You slash the sixfirhy! You open a gate to Pandemonium!
A demon appears!
You slice the smoke demon!!
You feel the power of Trog in you as your rage grows.
You kill the smoke demon!
That felt strangely unrewarding.
You slash the hellwing! You open a gate to Pandemonium!
A demon appears!
Visions of slaying the hellwing flood into your mind.
The sixfirhy barely misses you. The sixfirhy hits you.
You die...

... ........# #.#
....... ...##...##
#.....#.. . ...#.
##...###.. ......
#.....#..# ....#
............##...###
.......4. .3....#
.... ......3#......#
...........4@43.....
#......##..4.......
#......##.3........
.. .. .............
.. ...............
.................
.......#..X...#
....... ......#


You could see a large abomination, 2 hellwings, a sixfirhy (ally target), a
smoke demon (ally target), a friendly soul eater (summoned), a friendly sun
demon (summoned), a friendly hellwing (summoned) and a friendly chaos spawn
(summoned).

Vanquished Creatures
  Erolcha (D:12)
  Erica (D:8)
  4 two-headed ogres
  Pikel (D:8)
  A manticore (D:11)
  A gargoyle (D:7)
  A smoke demon (Abyss:2)
  Maggie (D:8)
  An ancient zyme (Abyss:2)
  A hellwing (Abyss:2)
  A merfolk (D:11)
  2 trolls
  4 slime creatures (D:12)
  Prince Ribbit (D:8)
  2 hornets
  A centaur simulacrum (D:11)
  A ynoxinul (Abyss:2)
  7 yaks
  4 vampire mosquitoes (D:11)
  A steam dragon (D:5)
  Edmund (D:4)
  3 acid dragons
  2 ice beasts
  3 orc warriors
  A sky beast (D:6)
  2 water moccasins
  A necrophage (D:5)
  3 ogres
  11 centaurs
  A lemure (D:8)
  A bullfrog (D:9)
  2 kobold brigands
  A gnoll sergeant (D:10)
  4 scorpions
  A wyvern zombie (D:4)
  A water moccasin zombie (D:3)
  2 water moccasin skeletons (D:5)
  12 killer bees
  2 wights (D:9)
  An electric eel (D:8)
  A howler monkey (D:9)
  A bullfrog zombie (D:6)
  5 centaur zombies
  A hound (D:4)
  6 orc priests
  Crazy Yiuf (D:4)
  2 gnoll shamans
  5 orc wizards
  3 iguanas
  3 hound skeletons
  8 mummies (Ossuary)
  19 gnolls
  2 adders (D:2)
  A shadow imp (D:5)
  A white imp (D:7)
  2 ufetubi
  An adder skeleton (D:4)
  A worm (D:3)
  A dart slug (D:1)
  50 orcs
  4 ball pythons
  5 endoplasms
  4 giant cockroaches
  9 goblins
  11 hobgoblins
  7 jackals
  6 quokkas
  2 bats (D:1)
  4 frilled lizards
  A gnoll zombie (Ossuary)
  A hobgoblin zombie (Ossuary)
  11 kobolds
  4 kobold zombies (Ossuary)
  2 orc zombies (Ossuary)
  6 rats
283 creatures vanquished.

Vanquished Creatures (collateral kills)
  Harold (D:8)
  A death knight (D:11)
  2 two-headed ogres (D:11)
  2 wyverns (D:9)
  A water moccasin (D:9)
  4 centaurs
  A gnoll sergeant (D:9)
  2 wights (D:9)
  An electric eel (D:8)
  2 howler monkeys (D:9)
  A gnoll shaman (D:8)
  An orc wizard (D:10)
  4 gnolls
  3 orcs (D:10)
26 creatures vanquished.

Vanquished Creatures (others)
  An ogre (D:6)
  7 plants (D:3)
  5 toadstools (D:1)
13 creatures vanquished.

Grand Total: 322 creatures vanquished

Notes
Turn   | Place    | Note
-------+----------+-------------------------------------------
     0 | D:1      | sanboga the Gargoyle Fighter began the quest for the Orb.
     0 | D:1      | Reached XP level 1. HP: 14/14 MP: 1/1
    35 | D:1      | Reached skill level 2 in Axes
    36 | D:1      | Reached XP level 2. HP: 19/19 MP: 2/2
   208 | D:1      | Reached XP level 3. HP: 20/23 MP: 3/3
   650 | D:2      | Found Zeygudon's Distillery.
   656 | D:2      | Bought a potion of heal wounds for 50 gold pieces
   939 | D:2      | Reached XP level 4. HP: 27/29 MP: 4/4
  1147 | D:2      | Found Fout's Magic Scroll Emporium.
  1155 | D:2      | Bought a scroll of identify for 24 gold pieces
  1280 | D:2      | Found a glowing silver altar of Zin.
  1703 | D:3      | Reached skill level 3 in Axes
  1783 | D:3      | Reached XP level 5. HP: 33/33 MP: 5/5
  1909 | D:3      | Found a sparkling altar of Nemelex Xobeh.
  2351 | D:3      | Found a faded altar of an unknown god.
  2585 | D:4      | Found a sand-covered staircase.
  2589 | Ossuary  | Entered an ossuary
  2603 | Ossuary  | Reached XP level 6. HP: 37/38 MP: 6/6
  2956 | Ossuary  | Reached skill level 4 in Axes
  3303 | D:2      | Bought a scroll of brand weapon for 240 gold pieces
  3558 | D:4      | Found a stormy altar of Qazlal.
  3562 | D:4      | Noticed Edmund
  3577 | D:4      | Found a runed translucent door.
  3578 | D:4      | Noticed Crazy Yiuf
  3590 | D:4      | Killed Edmund
  3591 | D:4      | Reached XP level 7. HP: 38/44 MP: 7/7
  3595 | D:4      | Killed Crazy Yiuf
  3812 | D:4      | Reached skill level 5 in Armour
  3812 | D:4      | Reached skill level 5 in Shields
  3965 | D:4      | Found an iron altar of Okawaru.
  4231 | D:5      | Entered Level 5 of the Dungeon
  4249 | D:5      | Reached skill level 5 in Fighting
  4311 | D:5      | Reached skill level 5 in Axes
  4592 | D:2      | Bought 2 potions of mutation for 160 gold pieces
  4674 | D:5      | Reached XP level 8. HP: 44/49 MP: 8/8
  4877 | D:5      | Found a staircase to the Ecumenical Temple.
  4921 | Temple   | Entered the Ecumenical Temple
  5290 | D:5      | Identified the +8 chain mail of the Jolly Wars {MP+9 Dex+3}
  5472 | D:5      | Reached skill level 6 in Axes
  6273 | D:6      | Found a bloodstained altar of Trog.
  6310 | D:6      | Became a worshipper of Trog the Wrathful
  6423 | D:6      | Reached XP level 9. HP: 39/56 MP: 9/9
  6717 | D:6      | Identified a scroll of acquirement
  6717 | D:6      | Acquired the +14 obsidian axe {vorpal, Mesm Drain Fly SInv}
  6717 | D:6      | Found the +14 obsidian axe {vorpal, Mesm Drain Fly SInv}
  6896 | D:7      | Reached skill level 7 in Axes
  7035 | D:7      | Found a blossoming altar of Fedhas.
  7174 | D:7      | Noticed a gargoyle
  7186 | D:7      | Killed a gargoyle
  7278 | D:7      | Reached * piety under Trog
  7584 | D:8      | Found Seys's Assorted Antiques.
  7590 | D:8      | Bought a scroll of identify for 64 gold pieces
  7619 | D:8      | You are sucked into a shaft and drop 3 floors!
  7619 | D:11     | Noticed a two-headed ogre
  7619 | D:11     | Noticed a troll
  7626 | D:11     | Reached skill level 8 in Axes
  7626 | D:11     | Killed a troll
  7627 | D:11     | Reached XP level 10. HP: 64/64 MP: 10/10
  7627 | D:11     | Killed a two-headed ogre
  7637 | D:11     | Reached skill level 9 in Axes
  7850 | D:11     | Noticed a manticore
  7855 | D:11     | Killed a manticore
  7855 | D:11     | Noticed a soul eater
  7941 | D:10     | Entered Level 10 of the Dungeon
  7946 | D:10     | Reached ** piety under Trog
  7960 | D:10     | Found a staircase to the Orcish Mines.
  8117 | D:10     | Found a radiant altar of Vehumet.
  8173 | D:9      | Reached *** piety under Trog
  8223 | D:8      | Noticed a two-headed ogre
  8225 | D:8      | Noticed Erica
  8227 | D:8      | Noticed Maggie
  8231 | D:8      | Killed a two-headed ogre
  8232 | D:8      | Reached XP level 11. HP: 69/69 MP: 11/11
  8237 | D:8      | Killed Erica
  8238 | D:8      | Reached skill level 10 in Axes
  8240 | D:8      | Killed Maggie
  8312 | D:8      | Noticed Prince Ribbit
  8324 | D:8      | Killed Prince Ribbit
  8522 | D:8      | Noticed Pikel
  8528 | D:8      | Killed Pikel
  8615 | D:8      | Noticed Harold
  8626 | D:8      | Killed Harold
  9168 | D:9      | Reached **** piety under Trog
  9237 | D:9      | Identified the +7 mace "Tiwu Zio" {flame, rF+ Str+3 Int-4
                  | Dex+3}
  9279 | D:9      | Found a staircase to the Lair.
  9366 | D:9      | Found Sireca Arize's Antique Weapon Emporium.
  9430 | D:10     | Found a glowing golden altar of the Shining One.
  9482 | D:10     | Noticed a two-headed ogre
  9482 | D:10     | Noticed a two-headed ogre
  9483 | D:10     | Found Ihezofo's Antique Weapon Shop.
  9518 | D:10     | Killed a two-headed ogre
  9519 | D:10     | Killed a two-headed ogre
  9520 | D:10     | Reached skill level 11 in Axes
  9813 | D:10     | Noticed a two-headed ogre
  9822 | D:10     | Reached skill level 10 in Armour
  9825 | D:10     | Reached skill level 10 in Shields
  9825 | D:10     | Reached XP level 12. HP: 56/77 MP: 12/12
  9830 | D:10     | Killed a two-headed ogre
  9831 | D:10     | Reached skill level 10 in Fighting
 10465 | D:11     | Noticed a two-headed ogre
 10468 | D:11     | Killed a two-headed ogre
 10502 | D:11     | Noticed a death knight
 10508 | D:11     | Killed a death knight
 10995 | D:12     | Noticed Erolcha
 11013 | D:12     | Killed Erolcha
 11083 | D:12     | Cast into level 2 of the Abyss (a wizard)
 11087 | Abyss:2  | Noticed a large abomination
 11243 | Abyss:2  | HP: 3/117 [smoke demon (4)]
 11244 | Abyss:2  | Slain by a sixfirhy

Illustrated notes

Levels and vault maps discovered:
D:1:      ldierk_walled_garden, layout_basic
D:2:      layout_loops_ring, serial_shops, shop_statue, shop, basic_altar
D:3:      layout_rooms, mainiacjoe_overflow_concentric_impassable,
          dilly_ecumenical_altar_fadedgnrine
D:4:      layout_loops_ring, mainiacjoe_overflow_surrounded_room,
          mainiacjoe_overflow_paths, enter_ossuary_5, uniq_edmund,
          uniq_crazy_yiuf_cottage
D:5:      layout_basic, minmay_temple_entry_sparse_star, grunt_ministairs_6,
          columned_hall_lemuel
D:6:      layout_loops_ring, trog_antimagical
D:7:      layout_gridville, mainiacjoe_overflow_24_doors
D:8:      layout_basic, serial_shops, nicolae_shop_waterfront, uniq_erica,
          uniq_pikel, uniq_prince_ribbit1, uniq_maggie, uniq_harold
D:9:      layout_big_octagon, lair_entry_dummy, serial_shops,
          nicolae_square_shop
D:10:     layout_loops_ring, pf_just_have_faith, vehumet_altar_wand_db,
          hiddenorc2_lemuel, kennysheep_windowed_goal
D:11:     layout_basic, hangedman_fish_farm
D:12:     minmay_tri_stars, layout_basic, elyvilon_altar_4, uniq_erolcha
Temple:   regret_index_temple_generic_petals
Abyss:2:  base: D:4, evilmike_abyss_exit_plants

Skill      XL: |  1  2  3  4  5  6  7  8  9 10 11 12 |
---------------+-------------------------------------+-----
Axes           | 2 3 4 5 6 8 9 11 | 11.8
Fighting       | 4 5 6 7 8 9 10 | 10.4
Armour         | 4 5 6 7 8 10 | 10.5
Shields        | 4 5 6 7 8 10 | 10.5

Action                   |  1- 3 |  4- 6 |  7- 9 | 10-12 || total
-------------------------+-------+-------+-------+-------++-------
Melee: War axe           |    62 |   195 |   150 |       ||   407
       Broad axe         |       |       |    53 |   234 ||   287
Invok: Berserk           |       |       |     1 |     6 ||     7
Evoke: Wand              |       |       |     2 |     4 ||     6
  Use: Scroll            |       |     8 |     5 |       ||    13
       Potion            |       |     2 |     2 |     1 ||     5
 Stab: Distracted        |       |       |       |     2 ||     2
Armor: Scale mail        |    30 |    19 |       |       ||    49
       Chain mail        |       |    98 |   185 |   218 ||   501
Dodge: Dodged            |    33 |    85 |    96 |   118 ||   332
Block: Buckler           |    13 |    40 |    66 |    97 ||   216
